 Dungeon Crawl Stone Soup version 0.27-a0-705-ga0013940fb (webtiles) character file.

Game seed: 17392008368064812976

35 dickylongcocking the Chopper (level 3, -5/34 HPs)
             Began as a Naga Monk on Mar 22, 2021.
             Slain by a worm (6 damage)
             ... on level 2 of the Dungeon.
             The game lasted 00:00:55 (1973 turns).

dickylongcocking the Chopper (Naga Monk)            Turns: 1973, Time: 00:00:56

Health: -5/34      AC:  2    Str: 13    XL:     3   Next: 35%
Magic:  3/3        EV: 10    Int: 10    God:
Gold:   8          SH:  0    Dex: 14    Spells: 2/2 levels left

rFire    . . .     SeeInvis +   a - +0 hand axe
rCold    . . .     Faith    .   (no shield)
rNeg     . . .     Spirit   .   b - +0 robe
rPois    +         Reflect  .   (no helmet)
rElec    .         Harm     .   (no cloak)
rCorr    .         Rampage  .   (no gloves)
Will     .....                  (no barding)
Stlth    ++........             m - amulet of magic regeneration
HPRegen  0.11/turn              (no ring)
MPRegen  0.33/turn              (no ring)

@: lethally poisoned (-5 -> -14), flying, very slow
A: AC +1, large, see invisible, deformed body, poison resistance, slowness 2,
spit poison 1, naga tail 1
a: Spit Poison


You were on level 2 of the Dungeon.
You visited 1 branch of the dungeon, and saw 2 of its levels.

You collected 8 gold pieces.

Inventory:

Hand Weapons
 a - a +0 hand axe (weapon)
Missiles
 f - 5 boomerangs
Armour
 b - a +0 robe (worn)
Magical Staves
 j - a staff of air
Jewellery
 m - an amulet of magic regeneration (around neck)
Scrolls
 c - a scroll of enchant armour {unknown}
 d - a scroll of holy word {unknown}
 e - 4 scrolls of teleportation {unknown}
 g - a scroll of magic mapping {unknown}
 h - a scroll of silence {unknown}
 i - 2 scrolls of identify {unknown}
 k - a scroll of amnesia {unknown}
Potions
 l - a potion of flight
 n - a potion of magic {unknown}


   Skills:
 - Level 3.0 Fighting
 * Level 4.3 Axes
 - Level 2.4 Dodging
 - Level 3.0 Stealth


You had 2 spell levels left.
You didn't know any spells.
Your spell library was empty.

Dungeon Overview and Level Annotations

Branches:
Dungeon (2/15)

Altars:


Innate Abilities, Weirdness & Mutations

Your serpentine skin is tough. (AC +1)
You have supernaturally acute eyesight. (SInv)
Armour fits poorly on your strangely shaped body.
Your system is resistant to poisons. (rPois)
You cover ground very slowly.
You can spit poison.
You have a snake-like lower body.


Message History

The adder bites you.
You are poisoned.
The adder poisons you! The adder bites you.
You hit the adder but do no damage.
The adder is heavily wounded.
You feel sick. The adder bites you.
You are more poisoned.
The adder poisons you!
You closely miss the adder.
The adder is heavily wounded.
You feel sick. The adder bites you but does no damage. The adder bites you.
You hit the adder.
The adder is severely wounded.
You feel sick. The adder bites you.
You closely miss the adder.
The adder is severely wounded.
The adder misses you. The adder bites you.
You are too injured to fight recklessly!
Unknown command.
You barely miss the adder.
The adder is severely wounded.
You feel sick. The adder bites you.
You are lethally poisoned!
The adder poisons you!
Unknown command.
You hit the adder.
You kill the adder!
You hit the worm.
* * * LOW HITPOINT WARNING * * *
You feel sick. The worm bites you!
* * * LOW HITPOINT WARNING * * *
Unknown command.
It was a potion of flight.
You feel very buoyant.
You fly up into the air.
* * * LOW HITPOINT WARNING * * *
You feel sick.
* * * LOW HITPOINT WARNING * * *
You feel sick. The worm bites you.
You die...

. ................ .
..........##..#
..........##..###+###.
.......†......#.......
.......†......+.......
............#.#.......
............# #......[
............#+#.......
..............@.......
..............w.......
......................
+####+###.............
#.............
#.............
#...###$...... #...#
#######


You could see a worm.

Vanquished Creatures
  An adder (D:2)
  A dart slug (D:1)
  2 ball pythons (D:1)
  2 hobgoblins (D:2)
  4 jackals (D:1)
  2 kobolds (D:1)
  2 oozes
  5 bats (D:1)
  5 rats
24 creatures vanquished.

Notes
Turn   | Place    | Note
-------+----------+-------------------------------------------
     0 | D:1      | dickylongcocking the Naga Monk began the quest for the Orb.
     0 | D:1      | Reached XP level 1. HP: 21/21 MP: 1/1
   446 | D:1      | Reached XP level 2. HP: 28/28 MP: 2/2
   731 | D:1      | HP: 1/28 [jackal (2)]
  1514 | D:1      | Reached skill level 4 in Axes
  1737 | D:2      | Reached XP level 3. HP: 20/34 MP: 3/3
  1972 | D:2      | HP: 1/34 [poisoned by an adder]
  1973 | D:2      | Slain by a worm

Illustrated notes

Levels and vault maps discovered:
D:1:      nzn_arrival_crosshair, layout_basic
D:2:      layout_basic

Skill      XL: |  1  2 |
---------------+-------+-----
Axes           | 4 |  4.3
Fighting       | |  3.0
Dodging        | |  2.4
Stealth        | |  3.0

Action                   || total
-------------------------++-------
Melee: Hand axe          ||    82
 Abil: Spit Poison       ||     2
  Use: Potion            ||     1
 Stab: Sleeping          ||     3
Armor: Robe              ||    21
Dodge: Dodged            ||    63

Table legend: (Time is in decaauts)
 A = Elapsed time spent in this place.
 B = Non-inter-level travel time spent in this place.
 C = Inter-level travel time spent in this place.
 D = Time resting spent in this place.
 E = Time spent auto-exploring this place.
 F = Levels seen in this place.
 G = Mean time per level.
                   A        B        C        D        E       F      G
               +--------+--------+--------+--------+--------+-----+--------+
         Total |   2321 |   2286 |     35 |    395 |   1627 |   2 | 1160.5 |
       Dungeon |   2321 |   2286 |     35 |    395 |   1627 |   2 | 1160.5 |
               +--------+--------+--------+--------+--------+-----+--------+

Top non-repeatable levels by time:
     D:1: 1997 daAuts
     D:2: 324 daAuts
